 Dungeon Crawl Stone Soup version 0.26-a0-597-gb535b0901c (webtiles) character file.

Game seed: 2063821019822651838

57 Lanoc the Insei (level 3, 0/27 HPs)
             Began as a Demonspawn Transmuter on Aug 30, 2020.
             Slain by a jackal (1 damage)
             ... on level 3 of the Dungeon.
             The game lasted 00:02:14 (1471 turns).

Lanoc the Insei (Demonspawn Transmuter)             Turns: 1471, Time: 00:02:15

Health: 0/27       AC:  2    Str: 10    XL:     3   Next: 73%
Magic:  2/6        EV: 13    Int: 14    God:
Gold:   41         SH:  0    Dex: 14    Spells: 3/6 levels left

rFire    . . .     SeeInvis .     - Unarmed
rCold    + . .     Faith    .   (no shield)
rNeg     . . .     Spirit   .   a - +0 robe
rPois    .         Reflect  .   (helmet currently unavailable)
rElec    .         Harm     .   (no cloak)
rCorr    .                      (no gloves)
MR       .....                  (boots currently unavailable)
Stlth    +.........             (no amulet)
HPRegen  0.09/turn              (no ring)
MPRegen  0.10/turn              (no ring)

@: appendages, wereblooded (expiring)
A: hooves 1, horns 2, cold resistance 1
a: End Transformation


You were on level 3 of the Dungeon.
You had grown temporary horns.
You visited 1 branch of the dungeon, and saw 3 of its levels.

You collected 41 gold pieces.

Inventory:

Armour
 a - a +0 robe (worn)
Scrolls
 b - a scroll of noise {unknown}
 d - a scroll of enchant armour {unknown}
 e - a scroll of identify {unknown}
 f - a scroll of amnesia {unknown}
 g - a scroll of remove curse {unknown}
Potions
 c - 3 potions of haste {unknown}


   Skills:
 + Level 1.8 Fighting
 + Level 2.3 Dodging
 * Level 3.4 Unarmed Combat
 - Level 2.0 Spellcasting
 + Level 2.3 Transmutations


You had 3 spell levels left.
You knew the following spells:

 Your Spells              Type           Power        Failure   Level
a - Beastly Appendage     Tmut           #.....       10%         1
b - Wereblood             Tmut           #.......     14%         2

Your spell library contained the following spells:

 Spells                   Type           Power        Failure   Level
 Spider Form              Tmut/Pois      #.........   41%         3
 Ice Form                 Ice/Tmut       #.......     83%         4
 Blade Hands              Tmut           #.........   95%         5


Dungeon Overview and Level Annotations

Branches:
Dungeon (3/15)

Altars:


Innate Abilities, Weirdness & Mutations

You have large cloven feet.
Your flesh is cold resistant. (rC+)
You have a pair of horns on your head.


Message History

* * * LOW HITPOINT WARNING * * *
The jackal misses you.
The jackal bites you but does no damage.
Your magical contamination has completely faded away.
The bat hits you.
* * * LOW HITPOINT WARNING * * *
The jackal bites you but does no damage.
The jackal bites you.
* * * LOW HITPOINT WARNING * * *
You howl as the wereblood boils in your veins!
Your primal bloodlust is almost over.
The bat barely misses you.
Casting: Beastly Appendage (safe; 10% risk of failure)
Confirm with . or Enter, or press ? or * to list all spells.
You grow a pair of large bovine horns.
You howl as the wereblood boils in your veins!
The bat misses you. The jackal bites you.
* * * LOW HITPOINT WARNING * * *
The jackal barely misses you. The jackal bites you.
You die...

##### ########### #...#
..### #.h@......#####...##
......#.h.......##......#.
......†.........##......#.
.........b......##.....†#.
##.............)†.......#.
..........................
.#........................
..........................
....................#>...†


You could see 2 jackals and a bat.

Vanquished Creatures
  An adder (D:3)
  An ooze (D:1)
  A worm (D:2)
  A dart slug (D:2)
  2 leopard geckos
  A ball python (D:1)
  A giant cockroach (D:1)
  8 goblins
  3 hobgoblins
  2 jackals (D:3)
  5 kobolds
  5 bats
  A frilled lizard (D:1)
  3 rats (D:1)
35 creatures vanquished.

Notes
Turn   | Place    | Note
-------+----------+-------------------------------------------
     0 | D:1      | Lanoc the Demonspawn Transmuter began the quest for the
                  | Orb.
     0 | D:1      | Reached XP level 1. HP: 15/15 MP: 3/3
   225 | D:1      | Gained mutation: Your flesh is cold resistant. (rC+)
                  | [demonic ancestry]
   225 | D:1      | Reached XP level 2. HP: 3/21 MP: 1/5
   227 | D:1      | Reached skill level 3 in Unarmed Combat
   237 | D:1      | Learned a level 2 spell: Wereblood
   860 | D:1      | Lost mutation: You have razor-sharp toenails. [demonic
                  | ancestry]
   860 | D:1      | Lost mutation: You have sharp toenails. [demonic ancestry]
   860 | D:1      | Gained mutation: You have large cloven feet. [demonic
                  | ancestry]
   860 | D:1      | Reached XP level 3. HP: 26/26 MP: 4/6
  1471 | D:3      | HP: 1/27 [jackal (3)]
  1471 | D:3      | Slain by a jackal

Illustrated notes

Levels and vault maps discovered:
D:1:      lightli_arrival_statuegarden, layout_basic, serial_rivers,
          chequers_serial_rivers_micro_c, chequers_serial_rivers_small_3,
          chequers_serial_rivers_micro_a, chequers_serial_rivers_micro_c,
          chequers_serial_rivers_micro_b, minmay_tromino_v4_a
D:2:      layout_loops_cross, overflow_temple_1_default, serial_park_tiny_pond
D:3:      layout_basic, uniq_sigmund, uniq_grinder

Skill      XL: |  1  2 |
---------------+-------+-----
Transmutations | 2 |  2.3
Dodging        | 2 |  2.3
Unarmed Combat | 3 |  3.4
Fighting       | |  1.8
Spellcasting   | |  2.0

Action                   || total
-------------------------++-------
Melee: Unarmed           ||    94
       Headbutt          ||    11
       Kick              ||    18
 Cast: Beastly Appendage ||    17
       Wereblood         ||     5
  Use: Scroll            ||     1
Armor: Robe              ||    23
Dodge: Dodged            ||    83

Table legend: (Time is in decaauts)
 A = Elapsed time spent in this place.
 B = Non-inter-level travel time spent in this place.
 C = Inter-level travel time spent in this place.
 D = Time resting spent in this place.
 E = Time spent auto-exploring this place.
 F = Levels seen in this place.
 G = Mean time per level.
                   A        B        C        D        E       F      G
               +--------+--------+--------+--------+--------+-----+--------+
         Total |   1467 |   1459 |      8 |      0 |   1239 |   3 |  489.0 |
       Dungeon |   1467 |   1459 |      8 |      0 |   1239 |   3 |  489.0 |
               +--------+--------+--------+--------+--------+-----+--------+

Top non-repeatable levels by time:
     D:1: 869 daAuts
     D:3: 458 daAuts
     D:2: 139 daAuts
